 Dungeon Crawl Stone Soup version 0.19.1 (webtiles) character file.

1621 lorenzova the Thaumaturge (level 8, -2/41 HPs)
             Began as a Deep Elf Conjurer on Dec 1, 2016.
             Was a Follower of Vehumet.
             Slain by a bullfrog (9 damage)
             ... on level 6 of the Dungeon.
             The game lasted 00:15:00 (6436 turns).

lorenzova the Thaumaturge (Deep Elf Conjurer)       Turns: 6436, Time: 00:15:01

Health: -2/41      AC:  2    Str:  5    XL:     8   Next: 64%
Magic:  19/23      EV: 13    Int: 23    God:    Vehumet [*.....]
Gold:   377        SH:  0    Dex: 15    Spells: 3 memorised, 16 levels left

rFire  . . .     SeeInvis .     E - +2 falchion (slice)
rCold  . . .     Gourm    .     D - +0 robe (curse)
rNeg   . . .     Faith    .     (no shield)
rPois  +         Spirit   .     v - +0 hat
rElec  .         Reflect  .     (no cloak)
rCorr  +         Harm     .     (no gloves)
MR     .....                    (no boots)
Stlth  ++........               (no amulet)
                                s - ring of poison resistance
                                n - ring of resist corrosion

@: no status effects
A: no striking features
a: Renounce Religion


You were on level 6 of the Dungeon.
You worshipped Vehumet.
Vehumet was aware of your devotion.
You were very hungry.

You visited 2 branches of the dungeon, and saw 7 of its levels.

You collected 377 gold pieces.

Inventory:

Hand Weapons
 i - a +1 dagger of freezing
 E - a +2 falchion of slicing (weapon)
Armour
 a - a +0 robe
 v - a +0 hat (worn)
 D - a cursed +0 robe (worn)
Jewellery
 n - a ring of resist corrosion (left hand)
 s - a ring of poison resistance (right hand)
 x - an uncursed amulet of faith
Wands
 B - a wand of paralysis (12/24)
 F - a wand of polymorph (20/24)
 G - a wand of slowing (32/48)
Scrolls
 d - 5 scrolls of remove curse
 e - a scroll of fog {unknown}
 f - a scroll of recharging {unknown}
 k - a scroll of enchant armour {unknown}
 m - 2 scrolls of immolation
 o - 4 scrolls of enchant weapon {unknown}
 t - a scroll of random uselessness {unknown}
 y - a scroll of amnesia {unknown}
 I - a scroll of fear {unknown}
 K - 2 scrolls of identify
Potions
 g - 2 potions of resistance
 h - 2 potions of heal wounds
 l - a potion of lignification {unknown}
 q - a potion of curing {unknown}
 u - a potion of agility {unknown}
 A - a potion of flight {unknown}
 C - a potion of magic {unknown}
Books
 b - a book of Conjurations

   Spells                             Type                      Level
   a - Magic Dart                     Conjuration                  1
   b - Searing Ray                    Conjuration                  2
   c - Dazzling Spray                 Conjuration/Hexes            3
   d - Fulminant Prism                Conjuration/Hexes            4
   e - Iskenderun's Mystic Blast      Conjuration                  4
   f - Iskenderun's Battlesphere      Conjuration/Charms           5
 w - a book of Cantrips

   Spells                             Type                      Level
   a - Confusing Touch                Hexes                        1
   b - Animate Skeleton               Necromancy                   1
   c - Summon Small Mammal            Summoning                    1
   d - Apportation                    Translocation                1
 H - a book of Debilitation

   Spells                             Type                      Level
   a - Corona                         Hexes                        1
   b - Slow                           Hexes                        2
   c - Gell's Gravitas                Hexes/Translocation          3
   d - Inner Flame                    Hexes/Fire                   3
   e - Cause Fear                     Hexes                        4
   f - Leda's Liquefaction            Hexes/Earth                  4
Comestibles
 c - 8 bread rations
 j - 3 meat rations
 p - 3 fruits
 r - a beef jerky
 z - 2 slices of pizza


   Skills:
 - Level 2.4 Dodging
 - Level 2.4 Stealth
 * Level 9.8 Spellcasting
 * Level 9.1 Conjurations
 + Level 5.6 Charms


You had 16 spell levels left.
You knew the following spells:

 Your Spells              Type           Power        Failure   Level  Hunger
a - Magic Dart            Conj           ####         1%          1    None
b - Iskenderun's Battles  Conj/Chrm      #####...     10%         5    ####...
c - Iskenderun's Mystic   Conj           ######..     1%          4    ##.....


Dungeon Overview and Level Annotations

Branches:
Dungeon (6/15)             Temple (1/1) D:4

Altars:
Ashenzari
Cheibriados
Dithmenos
Fedhas
Gozag
Hepliaklqana
Kikubaaqudgha
Nemelex Xobeh
Okawaru
Ru
Sif Muna
Trog
Uskayaw
Vehumet
Yredelemnul
Zin

Shops:
D:6 *


Message History

The bullfrog hits you! The bullfrog hits you.
You hit the bullfrog.
The bullfrog is lightly wounded.
The bullfrog hits you!
* * * LOW HITPOINT WARNING * * *
The bullfrog hits you.
* * * LOW HITPOINT WARNING * * *
The bullfrog hits you.
* * * LOW HITPOINT WARNING * * *
Casting: Magic Dart
Confirm with . or Enter, or press ? or * to list all spells.
Aiming: Iskenderun's Mystic Blast
Press: ? - help, Shift-Dir - straight line, f - bullfrog
Aim: a bullfrog (lightly wounded)
The orb of energy hits the bullfrog.
The bullfrog is severely wounded.
The orb of energy explodes!
The bullfrog hits you.
* * * LOW HITPOINT WARNING * * *
The bullfrog hits you!
You die...

###..## #........(.##### ..)..#
#...........# # .....#
#...........## # .....##
#............### ..>...#########
#.....(.......# .......#.....(##
#(............#
...............###..(.....)....##
......<...........##............#
................@####...........#
...)..).........F## #............
..................# ##...........
..................## #..........[
...................# ##..........
...................# ##........#
...<...............# ##......##
....................# #.....##
...................## ##....


You could see a bullfrog.

Vanquished Creatures
  The ghost of Haldmier the Chiller, a novice DEIE of Kikubaaqudgha (D:5)
  2 orc warriors (D:6)
  A sky beast (D:5)
  2 ogres
  2 centaurs (D:5)
  Blork the orc (D:4)
  2 bullfrogs (D:6)
  A crimson imp (D:6)
  A bullfrog skeleton (D:6)
  2 hounds
  An orc wizard (D:4)
  A jelly (D:6)
  An orc priest (D:4)
  A centaur skeleton (D:4)
  Jessica (D:2)
  4 iguanas
  A worker ant (D:5)
  3 gnolls (D:6)
  5 adders
  2 shadow imps
  An adder zombie (D:5)
  2 worms
  An adder skeleton (D:6)
  2 dart slugs
  4 leopard geckos
  15 orcs
  2 ball pythons (D:1)
  3 giant cockroaches
  4 goblins
  6 hobgoblins
  6 jackals
  8 kobolds
  3 quokkas
  7 bats
  6 frilled lizards
  6 rats
111 creatures vanquished.

Notes
Turn   | Place    | Note
-------+----------+-------------------------------------------
     0 | D:1      | lorenzova the Deep Elf Conjurer began the quest for the Orb.
     0 | D:1      | Reached XP level 1. HP: 10/10 MP: 6/6
   293 | D:1      | Reached XP level 2. HP: 15/15 MP: 6/8
  1061 | D:2      | Noticed Jessica
  1064 | D:2      | Killed Jessica
  1064 | D:2      | Reached skill level 5 in Conjurations
  1064 | D:2      | Reached XP level 3. HP: 19/19 MP: 5/10
  1380 | D:2      | Reached XP level 4. HP: 24/24 MP: 8/12
  1386 | D:2      | Learned a level 4 spell: Iskenderun's Mystic Blast
  1486 | D:2      | Found a hazy altar of Hepliaklqana.
  1806 | D:3      | Reached skill level 5 in Spellcasting
  2266 | D:3      | Found a faded altar of an unknown god.
  2559 | D:3      | Found a basalt altar of Yredelemnul.
  2838 | D:4      | Reached XP level 5. HP: 20/28 MP: 5/15
  2985 | D:4      | Found a staircase to the Ecumenical Temple.
  2996 | Temple   | Entered the Ecumenical Temple
  3007 | Temple   | Became a worshipper of Vehumet
  3259 | D:4      | Found an ancient bone altar of Kikubaaqudgha.
  3260 | D:4      | Found a sparkling altar of Nemelex Xobeh.
  3334 | D:4      | Noticed an ogre
  3340 | D:4      | Killed an ogre
  3340 | D:4      | Reached XP level 6. HP: 32/32 MP: 9/17
  3347 | D:4      | Learned a level 5 spell: Iskenderun's Battlesphere
  3539 | D:4      | Noticed Blork the orc
  3561 | D:4      | Killed Blork the orc
  3561 | D:4      | Reached skill level 1 in Charms
  3824 | D:5      | Entered Level 5 of the Dungeon
  3835 | D:5      | Found a hide-covered altar of Uskayaw.
  3838 | D:5      | Found a sacrificial altar of Ru.
  3925 | D:5      | HP: 1/32 [centaur/arrow (13)]
  4056 | D:5      | Noticed Haldmier's ghost (novice DEIE)
  4247 | D:5      | Reached XP level 7. HP: 36/36 MP: 14/20
  4681 | D:5      | Killed Haldmier's ghost
  4823 | D:5      | Reached XP level 8. HP: 41/41 MP: 12/22
  5611 | D:6      | Reached * piety under Vehumet
  5611 | D:6      | Offered knowledge of Shock by Vehumet.
  5715 | D:6      | Reached skill level 5 in Charms
  6286 | D:6      | Found Siuphyaz's General Store.
  6436 | D:6      | Slain by a bullfrog

Skill      XL: |  1  2  3  4  5  6  7  8 |
---------------+-------------------------+-----
Spellcasting   | 4 5 6 7 8 9 |  9.8
Conjurations   | 5 6 7 8 9 |  9.1
Charms         | 1 4 5 |  5.6
Dodging        | |  2.4
Stealth        | |  2.4

Action                   |  1- 3 |  4- 6 |  7- 9 || total
-------------------------+-------+-------+-------++-------
Melee: Falchion          |       |       |     3 ||     3
 Cast: Magic Dart        |    57 |   105 |   139 ||   301
       Iskenderun's Myst |       |     8 |    16 ||    24
  Use: Scroll            |       |     5 |       ||     5
  Eat: Chunk             |     1 |    10 |     6 ||    17
Armor: Robe              |       |     2 |     2 ||     4
Dodge: Dodged            |     2 |    13 |    25 ||    40
       Rpst.: Falchion   |       |       |     3 ||     3
